 Dungeon Crawl Stone Soup version 0.29-a0-371-g91724d5b39 (webtiles) character file.

Game seed: 11614483627404730820

135 jlumianski the Covered (level 4, 0/35 HPs)
             Began as a Demonspawn Fighter on May 2, 2022.
             Slain by an acid dragon (1 damage)
             ... on level 4 of the Dungeon.
             The game lasted 00:09:01 (3154 turns).

jlumianski the Covered (Demonspawn Fighter)         Turns: 3154, Time: 00:09:04

Health: 0/35       AC:  8    Str: 18    XL:     4   Next: 96%
Magic:  4/4        EV:  9    Int:  9    God:
Gold:   136        SH:  8    Dex: 13    Spells: 3/3 levels left

rFire   . . .      SeeInvis .   a - +1 war axe
rCold   . . .      Faith    .   c - +0 buckler
rNeg    . . .      Spirit   .   b - +0 scale mail
rPois   .          Reflect  .   (no helmet)
rElec   .          Harm     .   (no cloak)
rCorr   .          Rampage  .   p - +0 pair of gloves
Will    .....                   (no boots)
Stlth   ..........              (no amulet)
HPRegen 0.11/turn               (no ring)
MPRegen 0.09/turn               (no ring)

@: no status effects
A: condensation shield, demonic touch 1
a: no special abilities


You were on level 4 of the Dungeon.
You visited 1 branch of the dungeon, and saw 4 of its levels.

You collected 136 gold pieces.

Inventory:

Hand Weapons
 a - a +1 war axe (weapon)
 m - a +2 rapier of venom
Missiles
 e - 121 stones (quivered)
 r - 5 poisoned darts
Armour
 b - a +0 scale mail (worn)
 c - a +0 buckler (worn)
 p - a +0 pair of gloves (worn)
Wands
 h - a wand of polymorph (6)
Scrolls
 g - a scroll of identify
 j - 2 scrolls of vulnerability
 k - a scroll of amnesia {unknown}
 n - 2 scrolls of teleportation
 s - a scroll of immolation {unknown}
Potions
 d - 2 potions of might
 f - 3 potions of curing
 i - a potion of mutation
 l - a potion of flight
 o - a potion of ambrosia
 q - a potion of berserk rage


   Skills:
 + Level 3.3 Fighting
 + Level 3.4 Axes
 + Level 3.5 Armour
 + Level 0.2 Dodging
 + Level 1.0 Stealth
 + Level 2.8 Shields


You had 3 spell levels left.
You didn't know any spells.
Your spell library contained the following spells:

 Spells                   Type           Power      Damage    Failure   Level
 Blink                    Tloc           0%         N/A       94%         2
 Ensorcelled Hibernation  Hex/Ice        0%         N/A       94%         2
 Passwall                 Tmut/Erth      0%         N/A       94%         2
 Swiftness                Air            0%         N/A       99%         3
 Olgreb's Toxic Radiance  Pois           0%         N/A       100%        4
 Iskenderun's Battlesphe  Conj           0%         2d6       100%        5
 Manifold Assault         Tloc           0%         N/A       100%        5
 Iron Shot                Conj/Erth      0%         9d1       100%        6
 Ozocubu's Refrigeration  Ice            0%         4d5       100%        7
 Spellforged Servitor     Conj/Summ      0%         N/A       100%        7
 Storm Form               Tmut/Air       0%         N/A       100%        7
 Ignition                 Fire           0%         3d3       100%        8


Dungeon Overview and Level Annotations

Branches:
Dungeon (4/15)
 Temple: D:4-7

Altars:
Elyvilon


Innate Abilities, Weirdness & Mutations

A meltable shield of frost defends you. (SH +4)
Your touch may inflict minor irresistible damage on your foes.


Message History

The adder is lightly wounded.
You block the adder's attack. The adder closely misses you.
You closely miss the adder.
The adder is lightly wounded.
The adder bites you but does no damage. x2
You hit the adder.
The adder is heavily wounded.
The adder bites you but does no damage. You block the adder's attack.
You hit the adder.
You kill the adder!
The orc hits you but does no damage.
You barely miss the orc. The orc barely misses you.
You hit the orc.
The orc is almost dead.
The orc misses you.
You barely miss the orc.
The orc is almost dead.
You block the orc's attack. The orc barely misses you.
You hit the orc.
You kill the orc!
Items here: ) [ ††.
An acid dragon comes into view.
Found 10 gold pieces.
The acid dragon roars!
An acid dragon is nearby!
You closely miss the acid dragon. The acid dragon misses you.
The acid dragon claws you.
A dart slug comes into view.
You hit the acid dragon.
The acid dragon is lightly wounded.
The acid dragon bites you!
The acid dragon claws you but does no damage.
You hit the acid dragon.
The acid dragon is lightly wounded.
The acid dragon spits acid at you. The splash of acid hits you!!
Ouch! That really hurt!
* * * LOW HITPOINT WARNING * * *
The acid dragon barely misses you. The acid dragon claws you.
You die...

.. .. ....... ## .
#.#.#D# #.# #.
.#.#.#.# #.## ...
.#.#.#.#.#.#.# #.#.
..#.#w#.#.#.##.....
##.#.#.#D#.#...#.#.
#.#.#.#@#.#.#
.###.#.#.#.#.#...#.#.
..#.#.#.#.#.#.#......
..#.#.#.#.#.#...$...
#.#.#.#.#.#.#######
#.#.#.#.#.#.#
..#.#)#.#.#.##
.###..####### ##..##


You could see an acid dragon and a dart slug.

Vanquished Creatures
  An iguana (D:3)
  6 adders
  2 worms (D:3)
  A dart slug (D:1)
  An orc (D:4)
  4 endoplasms
  5 giant cockroaches
  8 goblins
  6 hobgoblins
  4 ball pythons
  3 bats
  2 frilled lizards
  A kobold (D:4)
  3 rats (D:3)
47 creatures vanquished.

Notes
Turn   | Place    | Note
-------+----------+-------------------------------------------
     0 | D:1      | jlumianski the Demonspawn Fighter began the quest for the
                  | Orb.
     0 | D:1      | Reached XP level 1. HP: 18/18 MP: 1/1
   132 | D:1      | Gained mutation: Your touch may inflict minor irresistible
                  | damage on your foes. [demonic ancestry]
   132 | D:1      | Reached XP level 2. HP: 19/24 MP: 2/2
   873 | D:2      | Gained mutation: A meltable shield of frost defends you.
                  | (SH +4) [demonic ancestry]
   873 | D:2      | Reached XP level 3. HP: 29/29 MP: 3/3
  1957 | D:3      | Reached XP level 4. HP: 14/35 MP: 4/4
  2164 | D:3      | Found a faded altar of an unknown god.
  2199 | D:3      | Reached skill level 1 in Stealth
  3147 | D:4      | Noticed an acid dragon
  3154 | D:4      | HP: 1/35 [acid dragon/splash of acid (21)]
  3154 | D:4      | Slain by an acid dragon

Illustrated notes

Levels and vault maps discovered:
D:1:      saegor_arrival_simple_e, layout_basic
D:2:      layout_basic
D:3:      layout_rooms, lemuel_coloured_pillars_altar,
          hellmonk_ecumenical_altar_lost_god, chequers_avenue,
          grunt_decor_clamped, eino_tiny_chamber, st_stairs_11,
          minmay_misc_feat_pillars
D:4:      layout_cave_pods, serial_glass, glass_columns_a, glass_columns_c,
          minivault_23

Skill      XL: |  1  2  3  4 |
---------------+-------------+-----
Axes           | 2 3 |  3.4
Armour         | 3 |  3.5
Stealth        | 1 |  1.0
Fighting       | |  3.3
Dodging        | |  0.2
Shields        | |  2.8

Action                   |  1- 3 |  4- 6 || total
-------------------------+-------+-------++-------
Melee: War axe           |    83 |    55 ||   138
Throw: Stone             |     3 |    10 ||    13
  Use: Scroll            |     9 |       ||     9
       Potion            |     2 |       ||     2
Armor: Scale mail        |    33 |    27 ||    60
Dodge: Dodged            |    40 |    15 ||    55
Block: Buckler           |    26 |    20 ||    46

Table legend: (Time is in decaauts)
 A = Elapsed time spent in this place.
 B = Non-inter-level travel time spent in this place.
 C = Inter-level travel time spent in this place.
 D = Time resting spent in this place.
 E = Time spent auto-exploring this place.
 F = Levels seen in this place.
 G = Mean time per level.
                   A        B        C        D        E       F      G
               +--------+--------+--------+--------+--------+-----+--------+
         Total |   3223 |   3185 |     38 |     19 |   2285 |   4 |  805.8 |
       Dungeon |   3223 |   3185 |     38 |     19 |   2285 |   4 |  805.8 |
               +--------+--------+--------+--------+--------+-----+--------+

Top non-repeatable levels by time:
     D:2: 1140 daAuts
     D:3: 945 daAuts
     D:1: 777 daAuts
     D:4: 359 daAuts
